 Dungeon Crawl Stone Soup version 0.25.0-11-g1f837a7 (webtiles) character file.

Game seed: 16186824012866605591

11855 shmeve the Fighter (level 11, -6/154 (156) HPs)
             Began as a Minotaur Berserker on June 24, 2020.
             Was a High Priest of Trog.
             Mangled by a 13-headed hydra (10 damage)
             ... on level 11 of the Dungeon.
             The game lasted 00:19:51 (7961 turns).

shmeve the Fighter (Minotaur Berserker)             Turns: 7961, Time: 00:19:52

HP:   -6/154 (156)  AC: 19    Str: 24    XL:     11   Next: 54%
MP:   10/10         EV: 10    Int:  5    God:    Trog [*****.]
Gold: 154           SH:  0    Dex: 10    Spells: 10/10 levels left

rFire    . . .     SeeInvis .   G - +0 broad axe
rCold    . . .     Gourm    .   (no shield)
rNeg     + + +     Faith    .   s - +0 plate armour
rPois    +         Spirit   .   (helmet restricted)
rElec    .         Reflect  .   P - +2 cloak {rPois}
rCorr    .         Harm     .   A - +1 pair of gloves
MR       +++..                  (no boots)
Stlth    ..........             e - amulet of regeneration
HPRegen  1.75/turn              M - ring "Etitruag" {Wiz rN+++ MR+ Dex-2 Stlth+}
MPRegen  0.12/turn              N - ring of Fail {Dex+2 Stlth+}

@: berserking, starving, regenerating, very quick
A: retaliatory headbutt, horns 2
a: Berserk, Trog's Hand, Brothers in Arms, Renounce Religion


You were on level 11 of the Dungeon.
You worshipped Trog.
Trog was extremely pleased with you.
You were starving.

You visited 2 branches of the dungeon, and saw 12 of its levels.

You collected 559 gold pieces.
You spent 405 gold pieces at shops.

Inventory:

Hand Weapons
 G - a +0 broad axe (weapon)
Missiles
 C - 37 poisoned darts (quivered)
 O - 3 boomerangs
Armour
 s - a +0 plate armour (worn)
 A - a +1 pair of gloves (worn)
 P - a +2 cloak of poison resistance (worn)
Jewellery
 e - an amulet of regeneration (around neck)
 J - an uncursed amulet of reflection {unknown}
 M - the ring "Etitruag" (left hand) {Wiz rN+++ MR+ Dex-2 Stlth+}
   (You bought it in a shop on level 8 of the Dungeon)

   [ring of wizardry]

   It improves your spell success rate.
   It affects your dexterity (-2).
   It renders you almost immune to negative energy.
   It affects your resistance to hostile enchantments.
   It makes you more stealthy.
 N - the ring of Fail (right hand) {Dex+2 Stlth+}
   (You found it on level 9 of the Dungeon)

   [ring of stealth]

   It affects your dexterity (+2).
   It makes you more stealthy.
Wands
 n - a wand of flame (50)
 w - a wand of digging (3)
 x - a wand of iceblast (9)
 y - a wand of disintegration (23)
 E - a wand of paralysis (11)
 K - a wand of random effects (19)
Scrolls
 a - 3 scrolls of enchant weapon {unknown}
 d - 2 scrolls of immolation {unknown}
 f - 7 scrolls of teleportation
 g - 3 scrolls of amnesia {unknown}
 h - 5 scrolls of identify
 j - 4 scrolls of fear {unknown}
 l - 6 scrolls of remove curse
 m - a scroll of random uselessness {unknown}
 p - a scroll of fog {unknown}
 t - 3 scrolls of enchant armour {unknown}
 v - 4 scrolls of magic mapping {unknown}
 H - a scroll of blinking {unknown}
Potions
 b - a potion of cancellation {unknown}
 i - a potion of haste
 k - a potion of mutation {unknown}
 o - 2 potions of ambrosia {unknown}
 q - a potion of berserk rage {unknown}
 r - 2 potions of lignification {unknown}
 u - 7 potions of heal wounds {unknown}
 z - a potion of stabbing {unknown}
 B - 2 potions of flight {unknown}
 D - 4 potions of curing {unknown}
 F - 5 potions of degeneration {unknown}
 I - a potion of invisibility {unknown}
Comestibles
 c - 14 rations


   Skills:
 * Level 12.2 Fighting
 * Level 12.0 Axes
 + Level 7.0 Throwing
 + Level 8.8 Armour
 + Level 8.1 Dodging


You had 10 spell levels left.
You didn't know any spells.
Your spell library was empty.

Dungeon Overview and Level Annotations

Branches:
Dungeon (11/15)            Temple (1/1) D:4
   Lair: D:8-11         Orc: D:9-12

Altars:
Cheibriados
Fedhas
Gozag
Kikubaaqudgha
Vehumet
Yredelemnul
Zin

Shops:
D:3 *   D:6 (   D:7 *:%*   D:8 *


Innate Abilities, Weirdness & Mutations

You reflexively headbutt those who attack you in melee.
You have a pair of horns on your head.


Message History

* * * LOW HITPOINT WARNING * * *
The 12-headed hydra closely misses you. The 12-headed hydra bites you!
* * * LOW HITPOINT WARNING * * *
The 12-headed hydra barely misses you. x2
The 12-headed hydra closely misses you. The 12-headed hydra bites you.
* * * LOW HITPOINT WARNING * * *
The 12-headed hydra bites you but does no damage.
The orc hits you but does no damage.
You lop one of the 12-headed hydra's heads off!
The 11-headed hydra grows two more!
You hit the 13-headed hydra. You headbutt the 13-headed hydra!
The 13-headed hydra is heavily wounded.
You completely miss the orc. You closely miss the orc. You hit the yak.
The 13-headed hydra completely misses you.
The 13-headed hydra bites you but does no damage. x6
The 13-headed hydra bites you!
* * * LOW HITPOINT WARNING * * *
The 13-headed hydra bites you but does no damage. x2
The 13-headed hydra barely misses you. The 13-headed hydra bites you!
You die...

##. #.. # #.8
#. ..
#.##.#######.
+...o...o...
#..oD)....#
#.oo@Y....#
####)######
#.# #.# #.#
###.# #...#
#.###
#####.###.##


You could see a 13-headed hydra, a yak and 5 orcs.

Vanquished Creatures
  Erolcha (D:9)
  A two-headed ogre (D:10)
  A cyclops (D:10)
  Maurice (D:9)
  3 trolls
  A hornet (D:10)
  Grinder (D:3)
  3 hippogriffs
  2 wraiths
  Eustachio (D:4)
  6 yaks
  2 hungry ghosts
  The ghost of Shayle the Grave Robber, an amateur HONe (D:4)
  A water moccasin (D:10)
  Duvessa (D:5)
  5 orc warriors
  3 ice beasts
  A sky beast (D:10)
  5 ogres
  2 necrophages
  3 phantoms
  3 centaurs
  3 big kobolds
  An elf zombie (D:8)
  9 bullfrogs
  Dowan (D:5)
  6 scorpions
  15 killer bees
  10 wights
  5 howler monkeys
  4 crimson imps
  2 centaur zombies (D:10)
  5 human zombies (D:8)
  4 jellies
  6 hounds
  8 orc priests
  2 centaur skeletons
  A gnoll shaman (D:4)
  A human skeleton (D:8)
  5 iguanas
  8 worker ants
  10 orc wizards
  2 hound skeletons
  2 mummies (D:8)
  Robin (D:3)
  A howler monkey skeleton (D:9)
  2 worker ant zombies
  9 gnolls
  11 adders
  4 shadow imps
  An ooze (D:4)
  2 adder skeletons
  5 worms (D:2)
  A dart slug (D:2)
  7 leopard geckos
  57 orcs
  3 bats (D:2)
  5 giant cockroaches
  9 goblins
  11 hobgoblins
  2 jackals (D:2)
  4 quokkas
  A ball python (D:2)
  7 frilled lizards
  18 kobolds
  An orc zombie (D:8)
  8 rats
  A fungus (D:3)
329 creatures vanquished.

Vanquished Creatures (others)
  A howler monkey (D:8)
1 creature vanquished.

Grand Total: 330 creatures vanquished

Notes
Turn   | Place    | Note
-------+----------+-------------------------------------------
     0 | D:1      | shmeve the Minotaur Berserker began the quest for the Orb.
     0 | D:1      | Reached XP level 1. HP: 19/19 MP: 0/0
    40 | D:1      | You fall into a shaft and drop 1 floor!
    96 | D:2      | Reached XP level 2. HP: 15/27 MP: 1/1
   430 | D:2      | Reached XP level 3. HP: 30/33 MP: 2/2
   753 | D:2      | Reached ** piety under Trog
   923 | D:2      | Found a glowing silver altar of Zin.
   945 | D:2      | Reached skill level 1 in Throwing
  1220 | D:2      | Reached XP level 4. HP: 41/41 MP: 3/3
  1391 | D:3      | Reached skill level 5 in Fighting
  1391 | D:3      | Reached XP level 5. HP: 39/48 MP: 4/4
  1398 | D:3      | Reached skill level 5 in Axes
  1402 | D:3      | Reached XP level 6. HP: 17/56 MP: 5/5
  1594 | D:3      | Found Gozag's Platinum Reserve.
  1594 | D:3      | Found an opulent altar of Gozag.
  1751 | D:3      | Reached *** piety under Trog
  1755 | D:3      | Found a blossoming altar of Fedhas.
  1824 | D:3      | Noticed Grinder
  1833 | D:3      | Killed Grinder
  1833 | D:3      | Reached XP level 7. HP: 43/63 MP: 6/6
  1905 | D:3      | Noticed Robin
  1916 | D:3      | Killed Robin
  2254 | D:4      | Noticed Eustachio
  2261 | D:4      | Found a large runed translucent door.
  2261 | D:4      | Found a large runed translucent door.
  2268 | D:4      | Noticed Shayle's ghost (amateur HONe)
  2275 | D:4      | Killed Eustachio
  2344 | D:4      | Killed Shayle's ghost
  2415 | D:4      | Reached XP level 8. HP: 73/73 MP: 7/7
  2466 | D:4      | Found a staircase to the Ecumenical Temple.
  2474 | D:4      | Found a radiant altar of Vehumet.
  2515 | D:4      | Reached skill level 5 in Armour
  2526 | Temple   | Entered the Ecumenical Temple
  2917 | D:5      | Entered Level 5 of the Dungeon
  3046 | D:5      | Noticed Duvessa
  3047 | D:5      | Noticed Dowan
  3057 | D:5      | Killed Duvessa
  3062 | D:5      | Killed Dowan
  3205 | D:5      | Reached skill level 5 in Dodging
  3294 | D:5      | Reached **** piety under Trog
  3380 | D:5      | Reached XP level 9. HP: 81/82 MP: 8/8
  4217 | D:6      | Found Atymm's Antique Weapon Shoppe.
  4368 | D:7      | Found Jaenim's General Store.
  4603 | D:7      | Found Lexoot's Assorted Antiques.
  4763 | D:7      | Bought a puce potion for 18 gold pieces
  4763 | D:7      | Bought a scroll labeled LECHU LIOSA for 21 gold pieces
  4763 | D:7      | Bought a scroll labeled WIQEW GICUMOE for 21 gold pieces
  4763 | D:7      | Bought a scroll labeled ROCZAS AMENAESA for 21 gold pieces
  4763 | D:7      | Bought a fuming cyan potion for 18 gold pieces
  4763 | D:7      | Bought a black potion for 18 gold pieces
  4821 | D:7      | Found Zeorch's Food Boutique.
  4992 | D:7      | Found Iwauwn's Book Shop.
  5075 | D:8      | Reached skill level 5 in Throwing
  5170 | D:8      | Reached ***** piety under Trog
  5257 | D:8      | Reached skill level 10 in Fighting
  5257 | D:8      | Reached XP level 10. HP: 75/93 MP: 9/9
  5311 | D:8      | Reached skill level 10 in Axes
  5403 | D:8      | Found Oxipp's Assorted Antiques.
  5408 | D:8      | Bought a scroll labeled IBLYKHYCZU for 32 gold pieces
  5408 | D:8      | Bought a scroll labeled ROCZAS AMENAESA for 32 gold pieces
  5408 | D:8      | Bought a scroll labeled DAPAWKESEC for 32 gold pieces
  5408 | D:8      | Bought a faintly glowing iron ring for 160 gold pieces
  5408 | D:8      | Bought a scroll labeled IBLYKHYCZU for 32 gold pieces
  5409 | D:8      | Identified the ring "Etitruag" {Wiz rN+++ MR+ Dex-2 Stlth+}
                  | (You bought it in a shop on level 8 of the Dungeon)
  5620 | D:8      | Found a basalt altar of Yredelemnul.
  5719 | D:8      | Found an ancient bone altar of Kikubaaqudgha.
  5983 | D:9      | Found a snail-covered altar of Cheibriados.
  6139 | D:9      | Noticed Erolcha
  6153 | D:9      | Killed Erolcha
  6300 | D:9      | Got a bound copper ring
  6396 | D:9      | Noticed Maurice
  6423 | D:9      | Killed Maurice
  6797 | D:10     | Entered Level 10 of the Dungeon
  6797 | D:10     | Noticed a two-headed ogre
  6803 | D:10     | Killed a two-headed ogre
  6803 | D:10     | Reached XP level 11. HP: 96/101 MP: 10/10
  7059 | D:10     | Paralysed by a hornet for 3 turns
  7296 | D:9      | Identified the ring of Fail {Dex+2 Stlth+} (You found it on
                  | level 9 of the Dungeon)
  7941 | D:11     | Noticed a four-headed hydra
  7961 | D:11     | HP: 4/154 [13-headed hydra (10)]
  7961 | D:11     | Mangled by a 13-headed hydra

Illustrated notes

Levels and vault maps discovered:
D:1:      grunt_arrival_crossed_arrows, layout_loops_ring
D:2:      minmay_door_path, layout_basic, first_ration, lemuel_tele_altar
D:3:      layout_basic, nicolae_gozag_zags_fifth_avenue, fedhas_altar_3,
          uniq_grinder, uniq_robin
D:4:      layout_cave_pools, temple_fountains, ebering_ghost_disaster_area,
          amethyst_killhole, vehumet_altar_wand_db, uniq_eustachio
D:5:      minmay_general_purpose_star, layout_basic, minmay_misc_feat_plants,
          uniq_duvessa
D:6:      layout_rooms, serial_shops, nicolae_shop_trees
D:7:      layout_loops_ring, serial_shops, kennysheep_mini,
          nicolae_shop_waterfront, nicolae_shop_crystal, shop
D:8:      layout_cave_pools, lemuel_mausoleum_altar_kikubaaqudgha,
          nicolae_overflow_hidden_temple, serial_shops, kennysheep_little_box,
          blue_anna_alchemist [blue_anna_fruit_fields, blue_anna_fruit_fields]
D:9:      layout_small_grid, overflow_temple_1_default, uniq_maurice,
          uniq_erolcha
D:10:     layout_cave_pools
D:11:     layout_roguey, lair_entry_dummy, hiddenorc2_lemuel, feat_on_display,
          uniq_grum
Temple:   regret_index_temple_generic_petals

Skill      XL: |  1  2  3  4  5  6  7  8  9 10 11 |
---------------+----------------------------------+-----
Fighting       | 4 5 6 7 8 10 11 12 | 12.2
Axes           | 4 5 6 8 9 11 12 | 12.0
Throwing       | 1 2 3 4 5 6 7 |  7.0
Armour         | 3 4 5 6 8 |  8.8
Dodging        | 3 4 5 6 7 8 |  8.1

Action                   |  1- 3 |  4- 6 |  7- 9 | 10-12 || total
-------------------------+-------+-------+-------+-------++-------
Melee: Hand axe          |    75 |    76 |   278 |   324 ||   753
       Headbutt          |    12 |    14 |    60 |    65 ||   151
       Broad axe         |       |       |       |    60 ||    60
Throw: Dart              |       |       |    19 |    27 ||    46
Invok: Berserk           |     1 |     1 |     6 |     7 ||    15
       Trog's Hand       |       |     1 |     4 |     7 ||    12
  Use: Scroll            |       |       |       |     4 ||     4
  Eat: Chunk             |     2 |     3 |    20 |    16 ||    41
       Ration            |       |       |       |     2 ||     2
Armor: Animal skin       |     1 |       |       |       ||     1
       Chain mail        |    23 |    32 |   136 |     1 ||   192
       Plate armour      |       |       |       |   309 ||   309
Dodge: Dodged            |    37 |    35 |   136 |   224 ||   432
